cohdb
Replays
Latest Replays
All Replays
Popular Replays
Top Player Replays
Match Explorer
How It Works
Community
CoH3 Stats
Reddit
Sign in to upload your games and track your stats! →
Sign in with Steam
Match 42560534
Unlisted
Match 42560534
Overview
Messages
Build Orders
End
Construct Infanterie Kompanie
MG 42 Machine Gun Team
Grenadier Squad
Selects Terror Battlegroup
Selects Machine Gun Camouflage
GrW 34 Mortar Team
Grenadier Squad
Grenadier Squad
Construct Panzergrenadier Kompanie
251 Medium Carrier
Medical Station
Pak 40 Anti-tank Gun Team
AI Takeover
MZMZ
Toxic teammate = i go afk lol
jerjawe
Ryan
Cpt Darling
jwalker987
0
0
Comments
sign in to comment!
No comments posted yet!